 Dungeon Crawl Stone Soup version 0.22.0-16-gc6d26f6 (webtiles) character file.

3171 Azzok the Arsonist (level 9, -1/62 HPs)
             Began as a Hill Orc Fire Elementalist on Aug 17, 2018.
             Was a Believer of Vehumet.
             Succumbed to a killer bee's poison
             ... on level 8 of the Dungeon.
             The game lasted 00:20:01 (11219 turns).

Azzok the Arsonist (Hill Orc Fire Elementalist)    Turns: 11219, Time: 00:20:02

Health: -1/62      AC:  4    Str: 11    XL:     9   Next: 94%
Magic:  5/11       EV: 12    Int: 21    God:    Vehumet [**....]
Gold:   479        SH:  0    Dex: 11    Spells: 1/11 levels left

rFire    . . .     SeeInvis +   b - +0 whip of the Purple Skies {drain, Int+3}
rCold    + . .     Gourm    .   (no shield)
rNeg     + . .     Faith    .   n - +2 robe {rN+}
rPois    .         Spirit   .   (no helmet)
rElec    .         Reflect  .   h - scarf {repulsion}
rCorr    .         Harm     .   (no gloves)
MR       .....                  (no boots)
Stlth    ++........             m - amulet of magic regeneration
HPRegen  0.20/turn              d - ring of see invisible
MPRegen  0.37/turn              f - ring of protection from cold

@: lethally poisoned (-1 -> -23), drained, repel missiles
A: no striking features
a: Renounce Religion


You were on level 8 of the Dungeon.
You worshipped Vehumet.
Vehumet was pleased with you.
You were not hungry.

You visited 2 branches of the dungeon, and saw 9 of its levels.

You collected 479 gold pieces.

Inventory:

Hand Weapons
 a - a +4 mace of freezing
 b - the +0 whip of the Purple Skies (weapon) {drain, Int+3}
   (You found it on level 4 of the Dungeon)

   A truly terrible weapon, it drains the life of those it strikes.
   It affects your intelligence (+3).
Armour
 h - a scarf of repulsion (worn)
 n - a +2 robe of positive energy (worn)
 s - a +0 chain mail
Jewellery
 d - a ring of see invisible (left hand)
 f - a ring of protection from cold (right hand)
 m - an amulet of magic regeneration (around neck)
Wands
 j - a wand of paralysis (12)
 r - a wand of polymorph (10)
Scrolls
 k - a scroll of amnesia
 l - 2 scrolls of teleportation
 v - a scroll of identify
 x - a scroll of enchant weapon
 y - a scroll of enchant armour {unknown}
 z - 2 scrolls of blinking
Potions
 e - 2 potions of flight
 i - 6 potions of might
 o - a potion of lignification
 p - a potion of agility
 q - 2 potions of heal wounds
 t - a potion of curing {unknown}
 u - 2 potions of brilliance
 w - a potion of haste
Comestibles
 c - 10 rations


   Skills:
 - Level 1.5 Dodging
 - Level 1.5 Stealth
 - Level 1.5 Spellcasting
 + Level 9.6 Conjurations
 + Level 10.9 Fire Magic


You had one spell level left.
You knew the following spells:

 Your Spells              Type           Power        Failure   Level  Hunger
a - Flame Tongue          Conj/Fire      #####        1%          1    #......
b - Sticky Flame          Conj/Fire      #####...     2%          4    #####..
c - Fireball              Conj/Fire      #####.....   6%          5    ######.

Your spell library contained the following spells:

 Spells                   Type           Power        Failure   Level  Hunger
 Conjure Flame            Conj/Fire      #####...     1%          3    ###....
 Throw Flame              Conj/Fire      #####.       1%          2    ###....
 Inner Flame              Hex/Fire       ###.....     4%          3    ###....


Dungeon Overview and Level Annotations

Branches:
Dungeon (8/15)             Temple (1/1) D:5
   Lair: D:8-11

Altars:
Cheibriados
Dithmenos
Elyvilon
Gozag
Hepliaklqana
Kikubaaqudgha
Nemelex Xobeh
Okawaru
Qazlal
Sif Muna
Uskayaw
Vehumet
Wu Jian
Xom
Yredelemnul


Message History

Casting: Flame Tongue (safe; 1% risk of failure)
Confirm with . or Enter, or press ? or * to list all spells.
Aiming: Flame Tongue (safe; 1% risk of failure)
Press: ? - help, Shift-Dir - straight line, f/p - killer bee
Aim: a killer bee (almost dead)
The flame tongue hits the killer bee.
You kill the killer bee!
Vehumet accepts your kill.
You feel your power returning.
* * * LOW HITPOINT WARNING * * *
You feel very sick. The killer bee closely misses you.
Casting: Flame Tongue (safe; 1% risk of failure)
Confirm with . or Enter, or press ? or * to list all spells.
Aiming: Flame Tongue (safe; 1% risk of failure)
Press: ? - help, Shift-Dir - straight line, f - killer bee
Aim: a killer bee The flame tongue hits the killer bee.
The killer bee is lightly wounded.
You die...

▒▒▒▒▒▒▒▒ ▒······▒ ▒
▒······▒ ·▒▒ ▒······▒
▒▒▒▒▒▒··▒
▒▒······▒▒▒▒▒▒·······▒·▒▒
··<·····╬·······†··>····▒
▒···§···▒ ▒▒▒···y▒·▒▒▒··▒
▒···§···▒ ▒·▒▒y▒y▒
▒··▒▒▒▒▒▒ ▒·▒▒@▒y▒
▒▒·▒▒▒▒▒▒▒▒▒▒·▒▒·▒·▒
▒▒···············▒·▒
··▒·▒▒▒▒▒▒·▒··▒▒▒▒y·
··▒··▒ ▒·▒··▒ ·· ··▒▒·▒
▒▒▒·▒··▒
··▒▒·▒▒▒>)·▒··▒▒·
▒▒▒▒··▒▒········)
▒▒···))·▒▒·▒▒▒


You could see 2 killer bees.

Vanquished Creatures
  Sigmund (D:3)
  Eustachio (D:5)
  Menkaure (D:4)
  2 ice beasts
  4 ogres
  3 sky beasts
  A big kobold (D:7)
  5 bullfrogs
  3 killer bees (D:8)
  8 wights
  A howler monkey (D:7)
  2 centaur zombies
  3 crimson imps
  2 bullfrog skeletons
  A centaur skeleton (D:5)
  2 hounds (D:4)
  A jelly (D:6)
  3 orc wizards
  3 iguanas
  Natasha (thrice) (D:2)
  6 worker ants
  Ijyb (D:4)
  A hound skeleton (D:7)
  6 gnolls
  6 adders
  2 shadow imps
  An adder skeleton (D:7)
  2 worms
  3 dart slugs
  13 leopard geckos
  23 orcs
  8 giant cockroaches
  8 goblins
  8 hobgoblins
  23 jackals
  2 quokkas
  A ball python (D:7)
  11 bats
  7 frilled lizards
  A jackal zombie (D:6)
  13 kobolds
  A leopard gecko skeleton (D:4)
  7 rats
204 creatures vanquished.

Notes
Turn   | Place    | Note
-------+----------+-------------------------------------------
     0 | D:1      | Azzok the Hill Orc Fire Elementalist began the quest for the Orb.
     0 | D:1      | Reached XP level 1. HP: 14/14 MP: 3/3
   295 | D:1      | Reached XP level 2. HP: 18/20 MP: 4/4
   873 | D:1      | Reached XP level 3. HP: 22/26 MP: 5/5
   895 | D:1      | Reached skill level 4 in Fire Magic
  1754 | D:2      | HP: 1/26 [jackal (1)]
  1764 | D:2      | HP: 1/26 [bat (1)]
  2122 | D:2      | Reached XP level 4. HP: 20/33 MP: 6/6
  2345 | D:2      | Noticed Natasha
  2350 | D:2      | Killed Natasha
  2501 | D:2      | Noticed Natasha
  2514 | D:2      | Killed Natasha
  2514 | D:2      | Reached XP level 5. HP: 24/38 MP: 7/7
  2826 | D:2      | Noticed Natasha
  2836 | D:2      | Killed Natasha
  2836 | D:2      | Reached skill level 5 in Fire Magic
  3215 | D:3      | Noticed an ice beast
  3284 | D:2      | Killed an ice beast
  3284 | D:2      | Reached XP level 6. HP: 16/45 MP: 8/8
  3604 | D:3      | Learned a level 4 spell: Sticky Flame
  3889 | D:3      | Found an opulent altar of Gozag.
  4013 | D:3      | Noticed Sigmund
  4041 | D:3      | Killed Sigmund
  4041 | D:3      | Reached skill level 5 in Conjurations
  4041 | D:3      | Reached skill level 6 in Fire Magic
  4041 | D:3      | Reached XP level 7. HP: 28/50 MP: 9/9
  4386 | D:4      | Got a slimy whip
  4387 | D:4      | Identified the cursed +0 whip of the Purple Skies {drain, Int+3} (You found it on level 4 of the Dungeon)
  4562 | D:4      | Found a white marble altar of Elyvilon.
  4573 | D:4      | Noticed Menkaure
  4689 | D:4      | Killed Menkaure
  4874 | D:4      | Reached skill level 7 in Fire Magic
  5825 | D:4      | Noticed Ijyb
  5841 | D:4      | Killed Ijyb
  6016 | D:5      | Entered Level 5 of the Dungeon
  6076 | D:5      | Noticed Eustachio
  6386 | D:5      | Killed Eustachio
  6386 | D:5      | Reached XP level 8. HP: 50/57 MP: 10/10
  6467 | D:5      | Found a staircase to the Ecumenical Temple.
  6476 | Temple   | Entered the Ecumenical Temple
  6487 | Temple   | Became a worshipper of Vehumet
  6507 | Temple   | Learned a level 5 spell: Fireball
  6548 | D:5      | Reached skill level 8 in Fire Magic
  7998 | D:6      | Reached skill level 9 in Fire Magic
  8201 | D:6      | Found a snail-covered altar of Cheibriados.
  8277 | D:6      | Found a sand-covered staircase.
  8460 | D:6      | Reached XP level 9. HP: 34/62 MP: 11/11
  8868 | D:6      | Reached * piety under Vehumet
  8868 | D:6      | Offered knowledge of Magic Dart by Vehumet.
  9264 | D:7      | Found an iron altar of Okawaru.
  9515 | D:7      | Reached skill level 10 in Fire Magic
  9596 | D:7      | Found an iron altar of Okawaru.
 11034 | D:8      | Reached ** piety under Vehumet
 11218 | D:8      | HP: 1/62 [poisoned by a killer bee]
 11219 | D:8      | Succumbed to a killer bee's poison

Skill      XL: |  1  2  3  4  5  6  7  8  9 |
---------------+----------------------------+-----
Conjurations   | 2 3 4 5 6 7 9 |  9.6
Fire Magic     | 4 5 6 7 9 10 | 10.9
Dodging        | |  1.5
Stealth        | |  1.5
Spellcasting   | |  1.5

Action                   |  1- 3 |  4- 6 |  7- 9 || total
-------------------------+-------+-------+-------++-------
Melee: Hand axe          |    21 |       |       ||    21
       Dagger            |   119 |   221 |   296 ||   636
       Unarmed           |       |       |     9 ||     9
       Whip              |       |       |   109 ||   109
       Mace              |       |       |     6 ||     6
 Cast: Flame Tongue      |     3 |       |    82 ||    85
       Sticky Flame      |       |       |    23 ||    23
  Use: Scroll            |     2 |       |    13 ||    15
 Stab: Sleeping          |     4 |       |     1 ||     5
       Confused          |       |       |     1 ||     1
       Distracted        |       |       |     1 ||     1
  Eat: Chunk             |     3 |     7 |    17 ||    27
       Ration            |       |       |     4 ||     4
Armor: Robe              |    27 |       |    33 ||    60
       Scale mail        |    41 |    88 |    59 ||   188
       Skin              |       |       |     3 ||     3
       Chain mail        |       |       |   111 ||   111
Dodge: Dodged            |    74 |   107 |   233 ||   414
       Deflected         |       |     2 |     7 ||     9
